 Dungeon Crawl Stone Soup version 0.19-a0-1821-g42c593c (webtiles) character file.

410 Leszczynek the Basher (level 6, 34/59 HPs)
             Began as an Ogre Wanderer on Oct 6, 2016.
             Quit the game on level 6 of the Dungeon.
             The game lasted 00:20:43 (3875 turns).

Leszczynek the Basher (Ogre Wanderer)               Turns: 3875, Time: 00:20:43

Health: 34/59      AC:  3    Str: 18      XL:     6   Next: 89%
Magic:  6/6        EV: 10    Int: 11      God:
Gold:   134        SH:  0    Dex: 14 (15) Spells: 0 memorised, 5 levels left

rFire  + . .     SeeInvis .     a - +2 mace
rCold  . . .     Gourm    .     n - +0 robe (curse)
rNeg   . . .     Faith    .     (no shield)
rPois  .         Spirit   .     (helmet restricted)
rElec  .         Dismiss  +     (no cloak)
rCorr  .         Reflect  .     (gloves unavailable)
MR     .....     Harm     .     (boots unavailable)
Stlth  ++........               B - amulet of dismissal
                                y - ring of protection from fire
                                l - +4 ring of dexterity

@: no status effects
A: unfitting armour, tough skin 1
a: no special abilities


You were on level 6 of the Dungeon.
You were not hungry.

You visited 1 branch of the dungeon, and saw 7 of its levels.

You collected 134 gold pieces.

Inventory:

Hand Weapons
 a - a +2 mace (weapon)
 b - a +0 blowgun
 e - a +0 flail
Missiles
 c - 9 poisoned needles
Armour
 n - a cursed +0 robe (worn)
Jewellery
 l - a +4 ring of dexterity (left hand)
 y - a ring of protection from fire (right hand)
 B - an amulet of dismissal (around neck)
Wands
 D - a wand of iceblast (0/15)
Scrolls
 i - a scroll of recharging
 k - 2 scrolls of teleportation
 r - a scroll of fear {unknown}
 t - a scroll of blinking {unknown}
 u - a scroll of enchant weapon {unknown}
 v - a scroll of immolation {unknown}
 w - 2 scrolls of fog {unknown}
 x - 3 scrolls of remove curse
 C - a scroll of noise {unknown}
Potions
 f - a potion of curing
 h - 2 potions of lignification {unknown}
 j - a potion of degeneration {unknown}
 o - a potion of ambrosia {unknown}
 p - a potion of brilliance {unknown}
 q - 2 potions of flight
 s - 3 potions of agility
 z - 2 potions of haste {unknown}
 A - a potion of heal wounds {unknown}
Comestibles
 d - a bread ration
 g - 4 meat rations


   Skills:
 - Level 2.6 Fighting
   Level 1.0 Short Blades
 + Level 9.5 Maces & Flails
 - Level 2.0 Throwing
 - Level 2.1 Dodging
 - Level 1.5 Stealth


You had 5 spell levels left.
You didn't know any spells.

Dungeon Overview and Level Annotations

Branches:
Dungeon (7/15)             Temple (0/1) D:6

Altars:
Cheibriados
Gozag
Qazlal
Vehumet

Annotations:
D:3 Sigmund
D:6 1 exclusion, Menkaure


Innate Abilities, Weirdness & Mutations

You are too large for most types of armour.
You have tough skin. (AC +1)


Message History

Unknown command.
The orc wizard shouts!
You hit the orc.
You kill the orc!
The orc wizard casts a spell.
The orc wizard seems to speed up.
The black bear closely misses you. The black bear claws you. x2
You hear a shout! 2 orcs come into view.
The orc shouts! x2
You thump the black bear!
The black bear is moderately wounded.
The orc wizard casts a spell.
The orc moves out of view.
The black bear bites you but does no damage.
The black bear barely misses you. The black bear claws you.
The black bear bites you. The black bear claws you. x2
An orc priest and an orc wizard come into view.
Unknown command.
Are you sure you want to abandon this character and quit the game? (Confirm with "yes".)

#.# ##.... ####.# ##...
#....# ##.# ###### #.#
##### ### #.#
#...#######.###.#
##....(Zo.....##.#
.o#####.o>.#######.....#
so.o.Z)@h..# #######
.o#####.#..# ###..# #..#
#..# #..# #... >..


You could see a black bear, a scorpion (wandering), an orc priest (wandering), 3
orc wizards, 2 orcs, an adder zombie and a centaur warrior zombie.

Vanquished Creatures
  A scorpion (D:5)
  A bullfrog zombie (D:5)
  A crimson imp (D:7)
  A quasit (D:7)
  An orc priest (D:6)
  An orc wizard (D:6)
  2 worker ants
  4 adders
  3 gnolls (D:5)
  A shadow imp (D:5)
  An adder zombie (D:6)
  An adder skeleton (D:5)
  A worm (D:2)
  A dart slug (D:1)
  2 leopard geckos
  8 orcs
  5 giant cockroaches
  8 goblins
  7 hobgoblins
  5 jackals (D:2)
  9 kobolds
  A quokka (D:5)
  2 ball pythons
  4 bats
  2 frilled lizards
  3 rats
  3 plants (D:5)
79 creatures vanquished.

Vanquished Creatures (others)
  3 plants (D:5)
3 creatures vanquished.

Grand Total: 82 creatures vanquished

Notes
Turn   | Place    | Note
-------+----------+-------------------------------------------
     0 | D:1      | Leszczynek the Ogre Wanderer began the quest for the Orb.
     0 | D:1      | Leszczynek set off with: a +2 mace, a potion of curing, 12 poisoned needles, a bread ration, a +0 robe, a +0 blowgun
     0 | D:1      | Reached XP level 1. HP: 22/22 MP: 1/1
     0 | D:1      | now this is too good
   158 | D:1      | Reached skill level 1 in Stealth
   186 | D:1      | Reached XP level 2. HP: 25/29 MP: 2/2
   627 | D:2      | Reached XP level 3. HP: 32/36 MP: 3/3
   656 | D:2      | Found a snail-covered altar of Cheibriados.
   736 | D:2      | Found a radiant altar of Vehumet.
   750 | D:2      | Found a stormy altar of Qazlal.
   774 | D:2      | Reached skill level 2 in Dodging
   862 | D:2      | Reached XP level 4. HP: 40/44 MP: 4/4
  1003 | D:2      | Reached skill level 6 in Maces & Flails
  1285 | D:3      | Found a faded altar of an unknown god.
  1285 | D:3      | Noticed Sigmund
  1286 | D:3      | t a c t i c s
  1548 | D:3      | You fall through a shaft for 2 floors!
  1548 | D:5      | Entered Level 5 of the Dungeon
  1549 | D:5      | T A C T I C S
  1556 | D:5      | Reached skill level 7 in Maces & Flails
  1556 | D:5      | Reached XP level 5. HP: 41/50 MP: 5/5
  2269 | D:6      | Noticed Menkaure
  2445 | D:6      | Found an opulent altar of Gozag.
  2448 | D:6      | Noticed a necrophage
  2561 | D:6      | Reached skill level 8 in Maces & Flails
  2573 | D:6      | Noticed an orc warrior
  2680 | D:5      | Noticed a sky beast
  2903 | D:5      | Reached XP level 6. HP: 59/59 MP: 6/6
  2940 | D:5      | T A C T I C S
  3287 | D:5      | wow
  3298 | D:5      | ah fuck this, i've had enough
  3330 | D:5      | Noticed an ice beast
  3368 | D:4      | You fall through a shaft for 3 floors!
  3369 | D:7      | is this some kind of a joke?
  3369 | D:7      | someone is having a laugh here, i bet
  3383 | D:7      | Reached skill level 9 in Maces & Flails
  3726 | D:7      | Noticed a hippogriff
  3838 | D:7      | Noticed a black bear
  3869 | D:6      | Found a staircase to the Ecumenical Temple.
  3875 | D:6      | Quit the game

Vault maps used:
D:1:      lordsloth_arrival_two_stooges
D:2:      grunt_temple_overflow_open, first_bread, minmay_misc_feat_pillars
D:3:      ecumenical_altar_2, uniq_robin, uniq_sigmund
D:4:      nemelex_altar_shiori, uniq_duvessa
D:5:      serial_bayou, serial_bayou_shore_a, serial_bayou_lagoon_a,
          serial_bayou_pond_c, serial_bayou_ford_a, moated_statue
D:6:      grunt_temple_overflow_cloverleaf, serial_shops, shop,
          grunt_gozag_statues, uniq_menkaure
D:7:      gup_ossuary_entry_pyramid, the_bakery

Skill      XL: |  1  2  3  4  5  6 |
---------------+-------------------+-----
Stealth        | 1 |  1.5
Dodging        | 2 |  2.1
Maces & Flails | 7 8 9 |  9.5
Fighting       | |  2.6
Short Blades   | |  1.0
Throwing       | |  2.0

Action                   |  1- 3 |  4- 6 || total
-------------------------+-------+-------++-------
Melee: Mace              |    72 |   166 ||   238
 Fire: Blowgun           |     2 |    24 ||    26
Evoke: Wand              |       |     2 ||     2
  Use: Scroll            |       |     8 ||     8
       Potion            |       |     1 ||     1
 Stab: Sleeping          |     1 |     4 ||     5
  Eat: Fruit             |       |     4 ||     4
       Chunk             |       |     3 ||     3
       Beef jerky        |       |     1 ||     1
       Bread ration      |       |     1 ||     1
Armor: Robe              |    20 |    21 ||    41
Dodge: Dodged            |    26 |    77 ||   103
